 Dungeon Crawl Stone Soup version 0.20.1-2-g1830e616b0 (webtiles) character file.

77 Alfie the Shooter (level 4, -1/37 HPs)
             Began as a Minotaur Hunter on Feb 12, 2020.
             Slain by a gnoll
             ... wielding a +0 halberd
              (11 damage)
             ... on level 2 of the Dungeon.
             The game lasted 00:03:47 (1029 turns).

Alfie the Shooter (Minotaur Hunter)                 Turns: 1029, Time: 00:03:49

Health: -1/37      AC:  4    Str: 17    XL:     4   Next: 14%
Magic:  3/3        EV: 15    Int:  8    God:
Gold:   183        SH:  0    Dex: 11    Spells: 3/3 levels left

rFire    . . .     SeeInvis .   b - +1 short sword
rCold    . . .     Gourm    .   (no shield)
rNeg     . . .     Faith    .   c - +1 leather armour
rPois    .         Spirit   .   (helmet restricted)
rElec    .         Reflect  .   (no cloak)
rCorr    .         Harm     .   (no gloves)
MR       .....                  (no boots)
Stlth    +.........             (no amulet)
Regen    0.2/turn               i - +3 ring of evasion
MPRegen  0.1/turn               (no ring)

@: no status effects
A: retaliatory headbutt, horns 2
a: no special abilities


You were on level 2 of the Dungeon.
You were not hungry.

You visited 1 branch of the dungeon, and saw 2 of its levels.

You collected 183 gold pieces.

Inventory:

Hand Weapons
 a - a +1 shortbow
 b - a +1 short sword (weapon)
Missiles
 d - 72 arrows
Armour
 c - a +1 leather armour (worn)
Jewellery
 i - a +3 ring of evasion (left hand)
Scrolls
 k - a scroll of teleportation
 m - 2 scrolls of identify
 o - a scroll of amnesia {unknown}
Potions
 e - 2 potions of invisibility {unknown}
 h - 2 potions of flight {unknown}
 j - 3 potions of curing {unknown}
 n - a potion of agility {unknown}
 p - 2 potions of might {unknown}
 q - a potion of lignification {unknown}
Comestibles
 f - 2 bread rations
 g - 6 fruits
 l - 2 royal jellies


   Skills:
 + Level 2.8 Fighting
 + Level 0.4 Short Blades
 + Level 5.6 Bows
 + Level 0.8 Armour
 + Level 2.5 Dodging
 + Level 1.1 Stealth


You had 3 spell levels left.
You didn't know any spells.

Dungeon Overview and Level Annotations

Branches:
Dungeon (2/15)

Altars:
Qazlal


Innate Abilities, Weirdness & Mutations

You reflexively headbutt those who attack you in melee.
You have a pair of horns on your head.


Message History

You hit the gnoll.
The gnoll is heavily wounded.
The gnoll barely misses you. The gnoll hits you but does no damage.
The gnoll misses you.
You hit the gnoll. You headbutt the gnoll.
The gnoll is almost dead.
The gnoll closely misses you. The gnoll hits you with a spear.
The gnoll hits you with a flail. The gnoll closely misses you.
You barely miss the gnoll.
The gnoll is almost dead.
The gnoll hits you but does no damage. The gnoll closely misses you.
The gnoll hits you from afar with a halberd!
The gnoll barely misses you.
You hit the gnoll.
You kill the gnoll!
The gnoll hits you from afar with a spear.
* * * LOW HITPOINT WARNING * * *
The gnoll misses you.
The gnoll hits you from afar with a halberd!
You die...

.........###.
#.......#........
.......(.....#
#...........†....
.........#####
#.......#........
.........#
#########........
.........#####
#........
.............#######
#........
######.##..........#
#........
#.##.)........#
#########
#.##(......@..# .....
#.##.......g).####.....
#...........gg.........
#......................
#.........###..........
#.........# #...?!..(.(
#.........# ######.....
#.........# ....
#......?..# g..


You could see 3 gnolls.

Vanquished Creatures
  Jessica (D:2)
  A gnoll (D:2)
  An adder (D:2)
  An ooze (D:2)
  A dart slug (D:2)
  A giant cockroach (D:1)
  3 goblins
  A hobgoblin (D:1)
  2 jackals (D:1)
  4 kobolds (D:2)
  A quokka (D:2)
  A ball python (D:2)
  4 bats
  8 rats
30 creatures vanquished.

Notes
Turn   | Place    | Note
-------+----------+-------------------------------------------
     0 | D:1      | Alfie the Minotaur Hunter began the quest for the Orb.
     0 | D:1      | Reached XP level 1. HP: 18/18 MP: 0/0
   212 | D:1      | Reached XP level 2. HP: 25/25 MP: 1/1
   578 | D:2      | Found a stormy altar of Qazlal.
   579 | D:2      | Noticed Jessica
   582 | D:2      | Killed Jessica
   582 | D:2      | Reached skill level 5 in Bows
   582 | D:2      | Reached XP level 3. HP: 30/30 MP: 2/2
   985 | D:2      | Reached skill level 1 in Stealth
  1017 | D:2      | Reached XP level 4. HP: 37/37 MP: 3/3
  1029 | D:2      | Slain by a gnoll

Skill      XL: |  1  2  3 |
---------------+----------+-----
Bows           | 5 |  5.6
Stealth        | 1 |  1.1
Fighting       | |  2.8
Short Blades   | |  0.4
Armour         | |  0.8
Dodging        | |  2.5

Action                   |  1- 3 |  4- 6 || total
-------------------------+-------+-------++-------
Melee: Short sword       |       |     7 ||     7
       Headbutt          |       |     1 ||     1
 Fire: Shortbow          |    68 |       ||    68
  Use: Scroll            |     7 |       ||     7
Armor: Leather armour    |     7 |     4 ||    11
Dodge: Dodged            |    18 |    17 ||    35
